AoeStats
← Alexis

Arena

509775420Analyzed
1v1 RM · 5d ago on Sep 28, 2026· 67m 53s· 2 players
Game mode
Random Map
Map size
Tiny (2 player)
Population
200
Speed
Normal
Resources
Standard
Victory
Conquest
Starting age
Dark Age
Ending age
Imperial Age
RankedLock teamsTeams togetherTeam positionsShared explorationLock speedFull tech treeHidden civsTurbo modeCheats
Victory
Defeat
🇨🇱 Saxons · Chile
767
+15
🇨🇳 Teutons · China
738
-15
曾经也是小鲜肉
4:26 Loom
12:04 Feudal Age
15:28 Town Watch
23:01 Fletching
26:39 Castle Age
25:38 Horse Collar
25:48 Double-Bit Axe
27:01 Pikeman
27:42 Squires
28:45 Bodkin Arrow
29:16 Ironclad
38:43 Imperial Age
37:44 Elite Skirmisher
39:06 Capped Ram
42:31 Chemistry
41:51 Ballistics
43:40 Conscription
47:35 Crenellations
63:06 Wheelbarrow
63:59 Siege Engineers
64:17 Bow Saw
64:15 Heavy Plow
64:34 Hand Cart
64:20 Town Patrol
64:35 Padded Archer Armor
Alexis
3:03 Loom
12:56 Feudal Age
17:26 Castle Age
15:34 Double-Bit Axe
15:58 Man-at-Arms
17:13 Forging
24:25 Fletching
25:36 Bodkin Arrow
35:14 Imperial Age
34:49 Ballistics
35:34 Padded Archer Armor
37:01 Chemistry
37:20 Wheelbarrow
36:56 Horse Collar
38:37 Bow Saw
38:30 Bracer
38:18 Arrowslits
42:39 Hoardings
42:48 Guard Tower
47:52 Elite Skirmisher
48:20 Onager
50:24 Heavy Mounted Crossbowman
55:36 Cranequins
61:15 Capped Ram
63:06 Long Swordsman
64:38 Husbandry
67:42 Siege Ram
Connection lost

Rejoining the realm…

Still unreachable

The connection could not be restored.

Session expired

The server has moved on; the page needs a fresh start.